 Dungeon Crawl Stone Soup version 0.16.1 (console) character file.

89 gw the Slasher (level 4, -1/35 HPs)
             Began as a Human Chaos Knight on Mar 23, 2015.
             Slain by a killer bee (2 damage)
             ... on level 3 of the Dungeon.
             The game lasted 00:02:28 (2532 turns).

gw the Slasher (Human Chaos Knight)                 Turns: 2532, Time: 00:02:28

Health: -1/35      AC:  9    Str: 12    XL:     4   Next: 84%
Magic:  4/4        EV:  5    Int: 12    God:    Xom [..*...]
Gold:   76         SH:  0    Dex: 14    Spells: 0 memorised, 3 levels left

rFire  . . .     SeeInvis .     a - +1 falchion (chaos)
rCold  . . .     Clarity  .     e - +0 chain mail (curse)
rNeg   . . .     SustAb   .     (no shield)
rPois  .         Gourm    .     (no helmet)
rElec  .         Spirit   .     (no cloak)
rCorr  .         Warding  .     (no gloves)
rMut   .         Stasis   .     (no boots)
MR     .....                    (no amulet)
Stlth  ..........               (no ring)
                                (no ring)

@: lethally poisoned (-1 -> -12), not resistant to hostile enchantments,
extremely unstealthy
A: deterioration 1
a: Renounce Religion


You were on level 3 of the Dungeon.
You worshipped Xom.
You were a toy of Xom.
You were not hungry.

You visited 1 branch of the dungeon, and saw 3 of its levels.

You collected 76 gold pieces.

Inventory:

Hand weapons
 a - a +1 falchion of chaos (weapon)
Missiles
 g - 45 stones (quivered)
 k - 47 sling bullets
Armour
 e - a cursed +0 chain mail (worn)
Comestibles
 b - a meat ration
 c - 3 bread rations
 f - 2 slices of pizza


   Skills:
 + Level 3.4 Fighting
 * Level 4.2 Long Blades
 + Level 3.1 Armour
 - Level 1.0 Dodging


You had 3 spell levels left.
You didn't know any spells.

Dungeon Overview and Level Annotations

Branches:
Dungeon (3/15)

Altars:


Innate Abilities, Weirdness & Mutations

Your body is slowly deteriorating.


Message History

Unknown command.
Unknown command.
Unknown command.
Unknown command.
ATTACKING (1,0)
You closely miss the killer bee.
You feel sick. The killer bee stings you. The killer bee stings you.
Unknown command.
Unknown command.
Unknown command.
Unknown command.
ATTACKING (1,0)
You hit the killer bee!
The killer bee seems to speed up.
Xom thinks this is hilarious!
The killer bee is heavily wounded.
You feel sick. The killer bee barely misses you.
The killer bee stings you but does no damage. x2
The killer bee stings you.
You die...
Xom bursts into laughter!

#.# #.# #.# ## #.#
... ###.##...
......# ....
.#..######y#####.##
.......Zpyys.......
.......#########.##
..... .... ###


You could see 3 killer bees, a giant cockroach and a friendly worker ant zombie.

Table legend:
 A = Turns spent in this place as a percentage of turns spent in the entire game.
 B = Non-inter-level travel turns spent in this place as a percentage of non-inter-level travel turns spent in the entire game.
 C = Inter-level travel turns spent in this place as a percentage of turns spent in this place.
 D = Turns resting spent in this place as a percentage of non-inter-level travel turns spent in this place.
 E = Turns spent auto-exploring this place as a percentage of non-inter-level travel turns spent in this place.
 F = Non-inter-level travel turns spent in this place divided by the number of levels of this place that you've seen.
                   A       B       C       D       E      F
               +-------+-------+-------+-------+-------+----------------------
         Total | 100.0 | 100.0 |   0.3 |   1.0 |   2.5 | 1152.3
       Dungeon | 100.0 | 100.0 |   0.3 |   1.0 |   2.5 | 1152.3
               +-------+-------+-------+-------+-------+----------------------

Table legend:
 A = Kills in this place as a percentage of kills in entire the game.
 B = Kills by you in this place as a percentage of kills by you in the entire game.
 C = Kills by friends in this place as a percentage of kills by friends in the entire game.
 D = Other kills in this place as a percentage of other kills in the entire game.
 E = Experience gained in this place as a percentage of experience gained in the entire game.
 F = Experience gained in this place divided by the number of levels of this place that you have seen.
                   A       B       C       D       E      F
               +-------+-------+-------+-------+-------+----------------------
         Total | 100.0 | 100.0 |  -nan | 100.0 | 100.0 |  42.7
       Dungeon | 100.0 | 100.0 |  -nan | 100.0 | 100.0 |  42.7
               +-------+-------+-------+-------+-------+----------------------

Vanquished Creatures
  A worker ant (D:3)
  An adder (D:2)
  A worm (D:2)
  3 giant geckos
  2 giant cockroaches
  7 goblins
  8 hobgoblins
  10 bats
  4 giant newts
  6 kobolds
  5 rats
48 creatures vanquished.

Notes
Turn   | Place    | Note
--------------------------------------------------------------
     0 | D:1      | gw, the Human Chaos Knight, began the quest for the Orb.
     0 | D:1      | Reached XP level 1. HP: 18/18 MP: 1/1
   191 | D:1      | Reached XP level 2. HP: 20/24 MP: 2/2
   367 | D:1      | XOM: potion effect (berserk rage)
   509 | D:1      | Reached XP level 3. HP: 29/29 MP: 3/3
   582 | D:1      | XOM: give mutation
   582 | D:1      | Gained mutation: Your body is slowly deteriorating. [Xom's mischief]
   860 | D:1      | XOM: divination: magic mapping
  1177 | D:1      | XOM: colour smoke trail
  1233 | D:2      | XOM: enchant monster (bad)
  1500 | D:2      | XOM: mild Divn miscast
  1746 | D:2      | XOM: harmless Hex miscast
  1850 | D:2      | XOM: butterfly on damage
  1859 | D:2      | Reached XP level 4. HP: 26/35 MP: 4/4
  2036 | D:2      | XOM: confusion
  2310 | D:2      | Reached skill level 4 in Long Blades
  2532 | D:3      | HP: 1/35 [poisoned by a killer bee]
  2532 | D:3      | Slain by a killer bee

Action                   |  1- 3 |  4- 6 || total
-------------------------+-------+-------++-------
Melee: Falchion          |    74 |    56 ||   130
  Use: Potion            |     2 |     3 ||     5
       Scroll            |     2 |     2 ||     4
 Stab: Paralysed         |     2 |       ||     2
  Eat: Chunk             |     4 |     2 ||     6

Vault maps used:
D:1:      dpeg_arrival_chambers_temple_mockup
D:2:      first_bread, grunt_ministairs_7, serial_bayou_pond_d
D:3:      grunt_temple_overflow_order_and_chaos_1, overflow_temple_1_default,
          trog_eyes_of_draining
